 Dungeon Crawl Stone Soup version 0.31.0-32-g396128a36d (webtiles) character file.

Game seed: 17462457929669008919

29083 Amplified the Fighter (level 13, -6/124 HPs)
             Began as a Minotaur Fighter on Mar 22, 2024.
             Was a High Priest of Fedhas.
             Killed by divine providence
             ... invoked by an orc priest
              (15 damage)
             ... on level 2 of the Orcish Mines.
             The game lasted 00:29:42 (16849 turns).

Amplified the Fighter (Minotaur Fighter)           Turns: 16849, Time: 00:29:44

Health: -6/124     AC: 27    Str: 31    XL:     13   Next: 13%
Magic:  15/20      EV: 10    Int:  5    God:    Fedhas [*****.]
Gold:   293        SH:  6    Dex: 11    Spells: 12/12 levels left

rFire   . . .        F - +2 flail (heavy)
rCold   + + .        c - +0 buckler
rNeg    . . .        M - +4 plate armour {rC+}
rPois   .            (helmet restricted)
rElec   .            d - +2 cloak {rCorr}
rCorr   +            r - +2 pair of gloves
SInv    .            E - +2 pair of boots of Cidec {rF+}
Will    .....        (no amulet) Stlth
                     t - ring of ice
HPRegen 0.40/turn    x - +6 ring of strength
MPRegen 0.17/turn

%: no passive effects
@: no status effects
A: horns 2, retaliatory headbutt
a: Renounce Religion, Wall of Briars, Grow Ballistomycete, Overgrow, Grow Oklob


You were on level 2 of the Orcish Mines.
You worshipped Fedhas.
Fedhas was extremely pleased with you.
You visited 2 branches of the dungeon, and saw 15 of its levels.
You also visited: Ossuary and Ice Cave.

You collected 1351 gold pieces.
You spent 1058 gold pieces at shops.

Inventory:

Hand Weapons
 F - a +2 heavy flail (weapon)
Missiles
 j - 59 poisoned darts
 m - 4 curare-tipped darts (quivered)
 y - 2 throwing nets
Armour
 c - a +0 buckler (worn)
 d - a +2 cloak of preservation (worn)
 r - a +2 pair of gloves (worn)
 E - the +2 pair of boots of Cidec (worn) {rF+}
   (You bought it in a shop on level 8 of the Dungeon)

   rF+:       It protects you from fire.
 M - a +4 plate armour of cold resistance (worn)
Jewellery
 a - a ring of willpower
 o - a ring of protection from cold
 t - a ring of ice (left hand)
 x - a +6 ring of strength (right hand)
Wands
 p - a wand of polymorph (13)
 D - a wand of flame (14)
 J - a wand of quicksilver (3)
 K - a wand of paralysis (3)
Scrolls
 g - 6 scrolls of teleportation
 i - 2 scrolls of enchant weapon
 s - 6 scrolls of identify
 v - 2 scrolls of immolation
 w - a scroll of amnesia
 B - a scroll of revelation
 C - 3 scrolls of vulnerability
 G - a scroll of torment
 I - a scroll of poison
Potions
 e - 2 potions of brilliance
 f - a potion of mutation
 h - a potion of magic
 n - 3 potions of enlightenment
 q - 5 potions of lignification
 z - 5 potions of attraction
 A - a potion of cancellation
Miscellaneous
 L - a phial of floods


   Skills:
 * Level 14.2 Fighting
 * Level 13.8 Maces & Flails
 - Level 7.1 Armour
 + Level 7.2 Dodging
 - Level 9.2 Shields
 * Level 11.4 Invocations


You had 12 spell levels left.
You didn't know any spells.
Your spell library contained the following spells:

 Spells                   Type           Power      Damage    Failure   Level
 Ensorcelled Hibernation  Hex/Ice        0%         N/A       100%        2
 Mercury Vapours          Alch/Air       0%         N/A       100%        2
 Sublimation of Blood     Necr           0%         N/A       100%        2
 Fugue of the Fallen      Necr           0%         N/A       100%        3
 Mephitic Cloud           Conj/Alch/Air  0%         N/A       100%        3
 Ozocubu's Armour         Ice            0%         N/A       100%        3
 Passwall                 Erth           0%         N/A       100%        3
 Swiftness                Air            0%         N/A       100%        3
 Anguish                  Hex/Necr       0%         N/A       100%        4
 Cause Fear               Hex            0%         N/A       100%        4
 Petrify                  Alch/Erth      0%         N/A       100%        4
 Vhi's Electric Charge    Tloc/Air       0%         N/A       100%        4
 Arcjolt                  Conj/Air       0%         1d10      100%        5
 Freezing Cloud           Conj/Ice/Air   0%         6-21      100%        5
 Irradiate                Conj/Alch      0%         3d11      100%        5
 Metabolic Englaciation   Hex/Ice        0%         N/A       100%        5
 Plasma Beam              Fire/Air       0%         2x1d10    100%        6
 Sculpt Simulacrum        Ice/Alch       0%         N/A       100%        6
 Enfeeble                 Hex            0%         N/A       100%        7
 Haunt                    Necr/Summ      0%         N/A       100%        7
 Borgnjor's Revivificati  Necr           0%         N/A       100%        8
 Death's Door             Necr           0%         N/A       100%        9


Dungeon Overview and Level Annotations

Branches:
Dungeon (13/15)            Temple (0/1) D:5            Lair (0/5) D:11
    Orc (2/2) D:10            Elf (0/3) Orc:2       Ossuary (visited)
  IceCv (visited)
 Vaults: D:13-14

Altars:
Elyvilon
Fedhas
Kikubaaqudgha
Makhleb
Qazlal
Vehumet
Xom

Shops:
D:3 ?   D:7 *?(   D:8 [   D:11 [

Annotations:
D:8 Get money


Innate Abilities, Weirdness & Mutations

You have a pair of horns on your head.
You reflexively headbutt those who attack you in melee.


Message History

You block the warg's attack.
Unknown command.
The warg is struck by your briar patch's thorns.
The warg bites your briar patch!
The orc priest looks encouraged for a moment.
The warg bites your briar patch!!
The ettin hits your briar patch but does no damage.
The ettin hits your briar patch with a +0 dire flail!!
A briar patch grows up from the ground. x4
The warg is struck by your briar patch's thorns.
The warg dies!
Fedhas appreciates your contribution to the ecosystem.
The ettin hits your briar patch with a +0 dire flail!
Your briar patch is destroyed!
Your briar patch disappears in a puff of smoke!
Unknown command.
You walk carefully through the plants.
The orc priest hits your briar patch with a +0 falchion.
The orc priest hits your briar patch with a +0 club.
An orc sorcerer comes into view. It is wielding a +0 dagger.
The ettin hits your briar patch with a +0 dire flail!!
Your briar patch is destroyed!
Your briar patch disappears in a puff of smoke!
Unknown command.
Found 16 gold pieces.
The orc sorcerer shouts!
The orc warrior shoots an arrow.
The arrow hits you but does no damage.
The orc priest hits your briar patch but does no damage.
There is an escape hatch in the ceiling here.
Unknown command.
The orc is struck by your briar patch's thorns.
The orc dies!
Fedhas appreciates your contribution to the ecosystem.
The orc priest hits your briar patch with a +0 falchion!
The orc sorcerer casts a spell at you. You resist with some effort.
The orc priest calls down the wrath of Beogh upon you.
Beogh smites you!
You die...
Fedhas appreciates your contribution to the ecosystem.

* **,....,,*,** **
*....$..,,,* ,**
#......<..** ,∩*
#...#....#*#####
,,**#........*##.#.### ***
*,∩*#.......###......##*,**
*,,*#..^.....##P......#,,,*
,*,*#.......)P.P......##,**
,*,*#......ooPPP@......#,**
,,,*#......PCP..........,,*
,*,*#...#.#ooo....$.....,**
,*,*#..#.....###...#.#..,*
*,,*#.....#.##..........,**
*,∩*#.#...###...o.......,,*
,,**#.#..##**.....#...,.,**
,∩* #.....##..........$,,**
,** #......#......##...,,,*


You could see an ettin, an orc sorcerer, an orc warrior, 2 orc priests and 2
orcs.

Vanquished Creatures
  An orc warlord (D:10)
  A stone giant (D:13)
  Erolcha (Orc:2)
  An anaconda (D:12)
  4 boulder beetles
  A centaur warrior (D:9)
  4 two-headed ogres
  A tengu warrior (D:13)
  An orc high priest (Orc:1)
  Nergalle (D:10)
  2 cyclopes
  A manticore (D:12)
  3 ugly things
  2 ice statues (IceCv)
  A gargoyle (D:13)
  A kobold demonologist (D:9)
  A freezing wraith (IceCv)
  Psyche (D:12)
  7 trolls
  2 hornets (D:9)
  A slime creature (D:9)
  3 wraiths
  A fire bat (D:6)
  A vampire (D:12)
  A wyvern (D:9)
  A shadow (D:11)
  A dire elephant simulacrum (IceCv)
  4 wargs
  14 yaks
  A redback (D:12)
  A death yak simulacrum (IceCv)
  4 steam dragons
  Duvessa (D:7)
  4 water moccasins
  2 acid dragons
  15 orc warriors
  2 ice beasts
  4 black bears (D:6)
  4 ogres
  A wolf (D:11)
  A phantom (D:5)
  8 centaurs
  5 kobold brigands
  6 bullfrogs
  5 elf zombies (Ossuary)
  Blork the orc (D:5)
  A gnoll sergeant (D:5)
  3 scorpions
  A cane toad simulacrum (IceCv)
  Dowan (D:7)
  11 wights
  12 killer bees
  7 howler monkeys
  7 electric eels
  A crimson imp (D:5)
  3 bombardier beetles
  11 orc priests
  5 hounds
  3 jellies
  Crazy Yiuf (D:2)
  Jessica (D:3)
  2 iguanas
  Natasha (thrice) (D:3)
  19 orc wizards
  A polar bear simulacrum (IceCv)
  4 mummies (Ossuary)
  Robin (D:3)
  4 gnolls (D:5)
  11 adders
  A white imp (D:6)
  4 ufetubi (D:6)
  An adder zombie (Ossuary)
  2 dart slugs (D:1)
  72 orcs
  5 ball pythons
  6 endoplasms
  5 giant cockroaches
  17 goblins
  11 hobgoblins
  2 jackals (D:4)
  2 quokkas
  7 bats
  6 frilled lizards
  A gnoll zombie (Ossuary)
  A goblin zombie (Ossuary)
  42 kobolds
  A kobold zombie (Ossuary)
  2 orc zombies (Ossuary)
  6 rats
  A rat zombie (Ossuary)
437 creatures vanquished.

Vanquished Creatures (collateral kills)
  A warg (Orc:2)
  2 water moccasins (D:12)
  A tengu (D:8)
  3 orcs
  7 ballistomycete spores
14 creatures vanquished.

Vanquished Creatures (others)
  A sleepcap (D:7)
  A ballistomycete spore (D:6)
2 creatures vanquished.

Grand Total: 453 creatures vanquished

Notes
Turn   | Place    | Note
-------+----------+-------------------------------------------
     0 | D:1      | Amplified the Minotaur Fighter began the quest for the Orb.
     0 | D:1      | Reached XP level 1. HP: 19/19 MP: 0/0
   117 | D:1      | Reached XP level 2. HP: 27/27 MP: 1/1
   274 | D:1      | Reached skill level 4 in Fighting
   311 | D:1      | Found a faded altar of an unknown god.
   325 | D:1      | Prayed at the altar of an unknown god.
   325 | D:1      | Became a worshipper of Fedhas Madash
   325 | D:1      | Reached * piety under Fedhas
   371 | D:1      | Reached XP level 3. HP: 26/33 MP: 2/2
   650 | D:2      | Identified the +1 robe of the Sailor {rN+}
   724 | D:2      | Reached skill level 1 in Invocations
   724 | D:2      | Reached XP level 4. HP: 40/41 MP: 3/3
  1313 | D:2      | Found a runed translucent door.
  1314 | D:2      | Noticed Crazy Yiuf
  1445 | D:2      | Killed Crazy Yiuf
  1480 | D:3      | Noticed Natasha
  1489 | D:3      | Killed Natasha
  1490 | D:3      | Reached XP level 5. HP: 42/47 MP: 5/5
  1540 | D:3      | Noticed Jessica
  1544 | D:3      | Killed Jessica
  1579 | D:3      | Noticed Natasha
  1592 | D:3      | Killed Natasha
  1669 | D:3      | Found Azaleloas's Magic Scroll Boutique.
  1671 | D:3      | Noticed Natasha
  1677 | D:3      | Killed Natasha
  1677 | D:3      | Reached ** piety under Fedhas
  1716 | D:3      | Bought a scroll of blinking for 90 gold pieces
  1756 | D:3      | Reached skill level 5 in Fighting
  1843 | D:3      | Noticed Robin
  1854 | D:3      | Reached skill level 5 in Shields
  1881 | D:3      | Killed Robin
  2086 | D:3      | Reached XP level 6. HP: 41/56 MP: 6/6
  2705 | D:4      | Reached *** piety under Fedhas
  3379 | D:5      | Entered Level 5 of the Dungeon
  3414 | D:5      | Noticed Blork the orc
  3415 | D:5      | Reached XP level 7. HP: 62/62 MP: 4/8
  3423 | D:5      | Killed Blork the orc
  3451 | D:5      | Found a staircase to the Ecumenical Temple.
  3507 | D:5      | Reached skill level 5 in Maces & Flails
  3510 | D:5      | Reached skill level 6 in Fighting
  3530 | D:5      | Noticed a yak
  3533 | D:5      | Reached skill level 5 in Armour
  3534 | D:5      | Noticed a yak
  3535 | D:5      | Noticed a yak
  3536 | D:5      | Noticed a yak
  3536 | D:5      | Noticed a yak
  3536 | D:5      | Noticed a yak
  3545 | D:5      | Killed a yak
  3550 | D:5      | Killed a yak
  3551 | D:5      | Reached XP level 8. HP: 55/71 MP: 8/10
  3559 | D:5      | Reached skill level 7 in Fighting
  3577 | D:5      | Found a sand-covered staircase.
  3588 | Ossuary  | Entered an ossuary
  3607 | Ossuary  | Reached **** piety under Fedhas
  3618 | Ossuary  | Reached skill level 5 in Invocations
  3636 | Ossuary  | Reached XP level 9. HP: 67/80 MP: 11/11
  4241 | D:5      | Reached skill level 8 in Fighting
  4458 | D:5      | Found a stormy altar of Qazlal.
  4527 | D:5      | Found a burning altar of Makhleb.
  4527 | D:5      | Found a shimmering altar of Xom.
  5173 | D:6      | Found a radiant altar of Vehumet.
  5206 | D:6      | You fall into a shaft and drop 2 floors!
  5206 | D:8      | Found a white marble altar of Elyvilon.
  5369 | D:8      | Found an ancient bone altar of Kikubaaqudgha.
  5446 | D:7      | Reached skill level 9 in Fighting
  5453 | D:7      | Found Keggua's Assorted Antiques.
  5463 | D:7      | Bought a lumpy brown potion for 24 gold pieces
  5463 | D:7      | Bought a blackened iron wand for 108 gold pieces
  5614 | D:7      | Found Bineu's Magic Scroll Emporium.
  5620 | D:7      | Bought a scroll of revelation for 112 gold pieces
  5620 | D:7      | Bought a scroll of vulnerability for 60 gold pieces
  5836 | D:6      | Reached XP level 10. HP: 71/91 MP: 13/13
  6564 | D:6      | Reached ***** piety under Fedhas
  6779 | D:6      | Reached skill level 1 in Dodging
  6919 | D:7      | Noticed Duvessa
  6926 | D:7      | Noticed Dowan
  6931 | D:7      | Killed Duvessa
  6955 | D:7      | Killed Dowan
  7082 | D:7      | Found Zavezus's Weapon Shoppe.
  7638 | D:8      | Reached skill level 10 in Fighting
  8265 | D:8      | Found Xire Sui's Antique Armour Emporium.
  8486 | D:9      | Noticed a smoke demon
  8526 | D:9      | Reached skill level 10 in Maces & Flails
  8742 | D:9      | Noticed a two-headed ogre
  8750 | D:9      | Noticed a two-headed ogre
  8767 | D:9      | Killed a two-headed ogre
  8768 | D:9      | Reached XP level 11. HP: 101/101 MP: 11/16
  8773 | D:9      | Killed a two-headed ogre
  8774 | D:9      | Reached skill level 11 in Fighting
  8934 | D:9      | Noticed a cyan ugly thing
  8938 | D:9      | Noticed a boulder beetle
  8939 | D:9      | Killed a cyan ugly thing
  8941 | D:9      | Noticed a centaur warrior
  9135 | D:10     | Entered Level 10 of the Dungeon
  9156 | D:10     | Noticed a two-headed ogre
  9180 | D:10     | Killed a two-headed ogre
  9903 | D:10     | Found a staircase to the Orcish Mines.
 10785 | D:11     | Found a staircase to the Lair.
 10794 | D:11     | Reached ****** piety under Fedhas
 10819 | D:11     | Noticed a boulder beetle
 10825 | D:11     | Killed a boulder beetle
 10937 | D:11     | Reached skill level 12 in Fighting
 11388 | D:11     | Found Gitzu's Armour Shop.
 11390 | D:11     | Reached skill level 5 in Dodging
 11659 | D:12     | Noticed Psyche
 11669 | D:12     | Killed Psyche
 11672 | D:12     | Noticed a white ugly thing
 11690 | D:11     | Killed a white ugly thing
 11926 | D:12     | Noticed Nessos
 12334 | Orc:1    | Entered Level 1 of the Orcish Mines
 12335 | Orc:1    | Noticed Nergalle
 12522 | D:9      | Paralysed by a hornet for 1 turns
 12531 | D:9      | Killed a centaur warrior
 12532 | D:9      | Reached XP level 12. HP: 50/113 MP: 18/18
 12785 | D:8      | Bought a pair of spiked boots for 332 gold pieces
 12785 | D:8      | Identified the +2 pair of boots of Cidec {rF+} (You bought
                  | it in a shop on level 8 of the Dungeon)
 12935 | D:9      | Noticed a two-headed ogre
 12940 | D:9      | Killed a two-headed ogre
 13004 | D:9      | Reached skill level 10 in Invocations
 13124 | D:9      | Noticed a boulder beetle
 13139 | D:9      | Killed a boulder beetle
 13161 | D:9      | Noticed a boulder beetle
 13221 | D:9      | Killed a boulder beetle
 13284 | D:9      | Reached skill level 13 in Fighting
 13403 | D:9      | Killed a boulder beetle
 13742 | Orc:1    | Noticed an orc warlord
 13747 | D:10     | Killed Nergalle
 13875 | D:10     | Killed an orc warlord
 14134 | Orc:1    | Noticed an orc high priest
 14442 | Orc:1    | Killed an orc high priest
 15017 | D:8      | Bought an ichor-stained cloak for 332 gold pieces
 15017 | D:8      | Identified the +0 cloak of the World {Rampage} (You bought
                  | it in a shop on level 8 of the Dungeon)
 15186 | D:12     | Nessos changed into Nessos the redback
 15186 | D:12     | Noticed Nessos
 15193 | D:12     | Killed Nessos the redback
 15491 | D:12     | Noticed an anaconda
 15510 | D:12     | Killed an anaconda
 15523 | D:12     | Identified the serpent talisman of Ves Mown {Will- rCorr
                  | Int+4 Dex+3 Slay-5}
 15893 | D:13     | Noticed a tengu warrior
 15893 | D:13     | Found a frozen archway.
 15900 | D:13     | Killed a tengu warrior
 15923 | IceCv    | Entered an ice cave
 15945 | IceCv    | Found a transporter.
 15957 | IceCv    | Found a transporter.
 16094 | IceCv    | Reached skill level 14 in Fighting
 16274 | IceCv    | Reached XP level 13. HP: 100/124 MP: 20/20
 16446 | D:13     | Noticed a stone giant
 16455 | D:13     | Killed a stone giant
 16794 | Orc:2    | Entered Level 2 of the Orcish Mines
 16797 | Orc:2    | Noticed Erolcha
 16810 | Orc:2    | Killed Erolcha
 16820 | Orc:2    | Noticed an ettin
 16821 | Orc:2    | Found a staircase to the Elven Halls.
 16842 | Orc:2    | HP: 6/124 [warg (16)]
 16849 | Orc:2    | Killed from afar by an orc priest

Illustrated notes

Levels and vault maps discovered:
D:1:      eino_arrival_druids_welcome, layout_rooms,
          shapermc_ecumenical_altar_starsandcircs, nrook_loot_triangle
D:2:      layout_basic, hex_intersection, uniq_crazy_yiuf_cottage
D:3:      layout_loops_ring, serial_aquarium, aquarium_bridge_square
          [aquarium_subvault_window, aquarium_subvault_wall,
          aquarium_subvault_bridge, aquarium_subvault_bridge],
          aquarium_bridge_square [aquarium_subvault_window,
          aquarium_subvault_bridge, aquarium_subvault_bridge,
          aquarium_subvault_bridge], aquarium_window_corridor_1,
          aquarium_window_fake, aquarium_window_1, aquarium_window_1,
          aquarium_view_2e, aquarium_balcony_1b, aquarium_pool_2, serial_shops,
          shop, uniq_natasha, uniq_robin, uniq_jessica
D:4:      layout_cave_pools, hangedman_decor_growths, grunt_decor_clamped,
          grunt_ministairs_13, minivault_19
D:5:      layout_loops_ring, grunt_temple_overflow_champion_of_chaos,
          mainiacjoe_overflow_tiny_flanked, temple_green, enter_ossuary_2,
          hangedman_abyss_or_decor_passed, uniq_blork_the_orc
D:6:      layout_cave_pods, nicolae_vehumet_radiance, serial_column_ruins,
          column_ruins_grid_1, column_ruins_open_tiny,
          column_ruins_columns_straight, grunt_potential
D:7:      layout_cave_pods, serial_shops, nicolae_shop_trees,
          nicolae_shop_bloodbath_and_beyond, nicolae_shop_back_alley_shop,
          uniq_duvessa
D:8:      layout_gridville, mainiacjoe_overflow_catwalk_spiral, serial_shops,
          nicolae_diamond_shop, minmay_statues_item
D:9:      minmay_the_grid_4x2 [minmay_the_grid_tiny_cups,
          minmay_the_grid_minigrid_medium, minmay_the_grid_square_x,
          minmay_the_grid_outer_diamond, minmay_the_grid_holed_spiral,
          minmay_the_grid_embedded, minmay_the_grid_spikes,
          minmay_the_grid_prize_inner_circle], layout_cross
D:10:     layout_gridville, orc_0_dummy, serial_bayou_lake_a
D:11:     layout_stronghold, erik_lair_island, serial_shops,
          nicolae_take_the_stairs
D:12:     layout_cave_pools, hellmonk_talismancer, uniq_psyche, uniq_nessos
D:13:     layout_small_grid, hellmonk_vaults_attempted_burglary,
          portal_ice_cave_entry_pillars_2,
          serial_library_regret_index_branch_corner,
          hellmonk_guarded_unrand_dark_maul
Orc:1:    layout_caves, uniq_nergalle
Orc:2:    st_orc_elflike, layout_caves, uniq_erolcha

Skill      XL: |  1  2  3  4  5  6  7  8  9 10 11 12 |
---------------+-------------------------------------+-----
Fighting       | 4 5 6 7 9 10 12 14 | 14.2
Shields        | 4 5 6 7 8 9 |  9.2
Maces & Flails | 3 4 5 6 8 10 12 13 | 13.8
Armour         | 4 5 6 7 |  7.1
Invocations    | 1 2 3 4 5 6 8 9 11 | 11.4
Dodging        | 3 5 7 |  7.2

Action                     |  1- 3 |  4- 6 |  7- 9 | 10-12 | 13-15 || total
---------------------------+-------+-------+-------+-------+-------++-------
  Melee: Flail             |    73 |   140 |   257 |   583 |    19 ||  1072
         Headbutt          |    15 |    18 |    51 |   112 |    10 ||   206
         Unarmed           |       |    24 |       |       |       ||    24
  Throw: Dart              |       |     3 |       |     4 |       ||     7
 Invoke: Grow Ballistomyce |       |     1 |     2 |     3 |       ||     6
         Wall of Briars    |       |       |     2 |    16 |     2 ||    20
  Evoke: Wand              |       |     1 |     3 |    19 |       ||    23
    Use: Scroll            |       |    12 |     4 |    12 |     3 ||    31
         Potion            |       |     2 |     3 |     9 |     4 ||    18
   Stab: Distracted        |       |       |       |     1 |       ||     1
 Armour: Scale mail        |    56 |    88 |       |       |       ||   144
         Skin              |       |    22 |       |    22 |       ||    44
         Ring mail         |       |    20 |   183 |   553 |       ||   756
         Plate armour      |       |       |       |       |    54 ||    54
  Dodge: Dodged            |    30 |   119 |   139 |   428 |    24 ||   740
  Block: Buckler           |    24 |    43 |    58 |   237 |    14 ||   376
